Atomiques vs Ice Dragons
Created - 14 décembre 2014 at 08:20
Goals
|
| Atomiques |
0 |
1 |
3 |
4 |
| Ice Dragons |
0 |
3 |
2 |
5 |
|
Shots
|
| Atomiques |
9 |
21 |
9 |
39 |
| Ice Dragons |
10 |
6 |
6 |
22 |
|
1st period
No Goal
Penalties :
Brayden McNabb (Kin) for Interference (Minor) at 18:47
2nd period
1. Ice Dragons , Niklas Sundstrom 4 (Mats Zuccarello, Patrick O'Sullivan) at 5:38
2. Atomiques , John Zeiler 6 (Brad Winchester) at 5:59
3. Ice Dragons , Mats Zuccarello 18 (Patrick O'Sullivan) at 6:30
4. Ice Dragons , Marc-Antoine Pouliot 2 (Tim Kennedy, Kevin Klein) at 17:56
Penalties :
John Mitchell (Kin) for Tripping (Minor) at 7:52, Brett Sutter (STB) for Delaying the game (Minor) at 15:15
3rd period
5. Atomiques , Logan Couture 25 (Alexander Sulzer, Sergei Bobrovsky) at 1:22 (PP)
6. Atomiques , Ryan Shannon 17 (Brad Winchester) at 1:55
7. Atomiques , Alexandre Daigle 25 (Linus Omark, Logan Couture) at 10:50 (PP)
8. Ice Dragons , Tim Kennedy 3 (Shean Donovan, Marc-Antoine Pouliot) at 15:50
9. Ice Dragons , Tim Kennedy 4 (Shean Donovan, Marc-Antoine Pouliot) at 18:34
Penalties :
Cal Clutterbuck (Kin) for Slashing (Minor) at 1:11, Tyler Brenner (STB) for Hooking (Minor) at 5:30, Niklas Sundstrom (Kin) for Roughing (Minor) at 9:58, Logan Couture (STB) for Tripping (Minor) at 13:30, Boris Valabik (Kin) for Holding (Minor) at 18:45, Logan Couture (STB) for Hooking (Minor) at 18:48
Goalie Stats
Sergei Bobrovsky (STB), 17 saves from 22 shots - (0,773), L, 4-7-2, 59:39 minutes
Justin Pogge (Kin), 35 saves from 39 shots - (0,897), W, 8-5-3, 60:00 minutes
Players Stats for Atomiques
Player Name G A P +/- PIM S H SB GA TA FO MP PP MP PK MP
------------------------------------------------------------------------------------
Alexander Sulzer 0 1 1 -1 0 1 4 1 1 1 0/0 28:10 3:38 3:46
Alexandre Daigle 1 0 1 -1 0 7 3 0 0 0 0/1 18:25 3:12 0:00
Andrew Kozek 0 0 0 0 0 2 0 0 0 1 0/2 13:22 0:05 1:41
Brad Winchester 0 2 2 -2 0 6 1 0 0 1 0/0 16:16 1:47 1:46
Brett Sutter 0 0 0 0 2 2 1 0 0 0 2/6 12:11 0:00 1:09
Casey Borer 0 0 0 -1 0 0 1 0 0 0 0/0 11:14 0:00 0:00
Clayton Stoner 0 0 0 -1 0 0 0 1 0 3 0/0 20:36 1:26 2:11
Davis Drewiske 0 0 0 -1 0 1 0 1 0 0 0/0 28:10 3:38 3:46
Drew Larman 0 0 0 -1 0 2 1 0 0 0 1/4 9:17 0:00 0:00
John McCarthy 0 0 0 -1 0 1 0 0 0 0 0/0 9:21 0:00 0:04
John Zeiler 1 0 1 -1 0 3 0 0 0 0 2/2 14:54 1:47 1:06
Kyle Wharton 0 0 0 -1 0 0 1 1 0 0 0/0 20:36 1:26 2:11
Linus Omark 0 1 1 -1 0 1 5 1 1 0 1/2 22:31 3:12 3:14
Logan Couture 1 1 2 -1 4 4 0 0 0 1 18/35 19:08 3:11 0:39
Nick Johnson 0 0 0 -1 0 2 0 2 0 0 0/0 10:05 0:05 0:00
Ryan Shannon 1 0 1 1 0 2 1 0 1 0 1/2 11:10 0:05 0:00
Scott Jackson 0 0 0 -1 0 2 0 0 0 0 0/0 11:14 0:00 0:00
Tyler Brenner 0 0 0 -1 2 3 2 2 0 0 0/9 16:08 1:47 2:15
Players Stats for Ice Dragons
Player Name G A P +/- PIM S H SB GA TA FO MP PP MP PK MP
------------------------------------------------------------------------------------
Boris Valabik 0 0 0 0 2 1 0 2 0 2 0/0 26:43 3:43 3:41
Brad Staubitz 0 0 0 0 0 0 0 2 0 0 0/1 6:50 0:11 0:00
Brayden McNabb 0 0 0 2 2 1 0 0 0 0 0/0 5:42 0:13 0:00
Cal Clutterbuck 0 0 0 -1 2 3 1 0 1 0 0/1 21:03 2:32 0:51
Danny Syvret 0 0 0 1 0 0 0 1 1 0 0/0 17:57 2:01 1:20
Eric Mestery 0 0 0 2 0 0 0 1 0 0 0/0 4:58 0:00 0:00
Jeff Tambellini 0 0 0 -1 0 0 0 0 0 0 2/2 21:58 3:14 1:19
John Mitchell 0 0 0 0 2 0 0 0 0 0 3/3 7:00 0:06 0:00
Jonathan Blum 0 0 0 0 0 0 1 1 0 0 0/0 11:02 2:01 0:03
Kevin Klein 0 1 1 0 0 0 3 2 0 0 0/0 27:25 3:43 3:44
Kris Beech 0 0 0 0 0 0 0 0 0 0 0/0 0:16 0:00 0:01
Marc-Antoine Pouliot 1 2 3 3 0 1 0 0 0 0 3/6 12:56 0:00 0:00
Martin Hanzal 0 0 0 -1 0 4 0 0 1 0 14/24 19:54 2:37 0:00
Mats Zuccarello 1 1 2 1 0 1 1 0 1 0 0/1 18:58 2:37 0:00
Matt Walker 0 0 0 1 0 1 1 3 0 0 0/0 15:56 0:00 1:20
Niklas Sundstrom 1 0 1 1 2 2 3 0 3 0 3/6 18:18 3:14 2:43
Patrick O'Sullivan 0 2 2 1 0 1 1 0 0 0 10/14 14:42 3:14 0:00
Shean Donovan 0 2 2 3 0 4 1 1 0 0 1/1 16:48 0:00 3:34
Tim Kennedy 2 1 3 3 0 3 0 1 0 0 2/4 14:56 0:06 1:40
Tyler Eckford 0 0 0 0 0 0 0 1 0 1 0/0 10:18 0:13 0:00
3 Stars
1 - Tim Kennedy (Kin)
2 - Marc-Antoine Pouliot (Kin)
3 - Shean Donovan (Kin)
Power Play
Atomiques - 2 on 5 Attempt(s) - 40,00%
Ice Dragons - 0 on 4 Attempt(s) - 0,00%
Penalty Kill
Atomiques - 4 on 4 Attempt(s) - 100,00%
- Score 0 goal in Penalty Kill
Ice Dragons - 3 on 5 Attempt(s) - 60,00%
- Score 0 goal in Penalty Kill
Official
Referees : Jackson Dave and Walsh Ian
Linesman : Jay Sharrers and Scott Cherrey
Game Notes
15:50 of 3rd period - Ice Dragons goal is going for a video replay. After video review, Goal.
Finance
Level 1 -- Attendance: 1573 (78,65%) -- Ticket Income 55 055 $
Level 2 -- Attendance: 776 (77,60%) -- Ticket Income 11 640 $
Total Attendance: 2349 (78,30%)
Total Ticket Income: 66 695 $
Other Income: 3 335 $
Total Income: 70 030 $
Atomiques
5 vs 5 Forward
Center Left Wing Right Wing Time % Phy DF OF
1 Logan Couture Linus Omark Alexandre Daigle 40 1 2 2
2 Tyler Brenner Brad Winchester John Zeiler 30 1 2 2
3 Brett Sutter Andrew Kozek Ryan Shannon 20 1 2 2
4 Drew Larman John McCarthy Nick Johnson 10 1 2 2
5 vs 5 Defense
Defense Defense Time % Phy DF OF
1 Alexander Sulzer Davis Drewiske 40 1 2 2
2 Clayton Stoner Kyle Wharton 30 1 2 2
3 Casey Borer Scott Jackson 20 1 2 2
4 Alexander Sulzer Davis Drewiske 10 1 2 2
PowerPlay Forward
Center Left Wing Right Wing Time % Phy DF OF
1 Logan Couture Linus Omark Alexandre Daigle 60 1 2 2
2 Tyler Brenner Brad Winchester John Zeiler 40 1 2 2
PowerPlay Defense
Defense Defense Time % Phy DF OF
1 Alexander Sulzer Davis Drewiske 60 1 2 2
2 Clayton Stoner Kyle Wharton 40 1 2 2
Penalty Kill 4 Players Forward
Center Wing Time % Phy DF OF
1 Tyler Brenner Linus Omark 60 1 2 2
2 Brad Winchester John Zeiler 40 1 2 2
Penalty Kill 4 Players Defense
Defense Defense Time % Phy DF OF
1 Alexander Sulzer Davis Drewiske 60 1 2 2
2 Clayton Stoner Kyle Wharton 40 1 2 2
Penalty Kill - 3 Players Forward
Forward Time % Phy DF OF
1 Brad Winchester 60 1 2 2
2 Linus Omark 40 1 2 2
Penalty Kill - 3 Players Defense
Defense Defense Time % Phy DF OF
1 Alexander Sulzer Davis Drewiske 60 1 2 2
2 Clayton Stoner Kyle Wharton 40 1 2 2
4 vs 4 Forward
Center Wing Time % Phy DF OF
1 Logan Couture Linus Omark 60 1 2 2
2 Tyler Brenner John Zeiler 40 1 2 2
4 vs 4 Defense
Defense Defense Time % Phy DF OF
1 Alexander Sulzer Davis Drewiske 60 1 2 2
2 Clayton Stoner Kyle Wharton 40 1 2 2
Last Minutes Offensive
Center Left Wing Right Wing Defense Defense
Logan Couture Brad Winchester Alexandre Daigle Alexander Sulzer Davis Drewiske
Last Minutes Defensive
Center Left Wing Right Wing Defense Defense
Logan Couture Brad Winchester Alexandre Daigle Alexander Sulzer Davis Drewiske
Goaltenders
Starting : Sergei Bobrovsky
Backup : Alex Auld
Extra Forwards
Normal : Ryan Shannon, Nick Johnson, Andrew Kozek - PP : Ryan Shannon, Nick Johnson - PK : Andrew Kozek
Extra Defensemen
Normal : Casey Borer, Scott Jackson, Clayton Stoner - PP : Casey Borer - PK : Scott Jackson, Clayton Stoner
Penalty Shots
Brad Winchester, Linus Omark, Alexandre Daigle, John Zeiler, Logan Couture
Ice Dragons
5 vs 5 Forward
Center Left Wing Right Wing Time % Phy DF OF
1 Martin Hanzal Jeff Tambellini Cal Clutterbuck 40 1 2 2
2 Patrick O'Sullivan Mats Zuccarello Niklas Sundstrom 30 1 2 2
3 Marc-Antoine Pouliot Tim Kennedy Shean Donovan 20 1 2 2
4 John Mitchell Mats Zuccarello Brad Staubitz 10 1 2 2
5 vs 5 Defense
Defense Defense Time % Phy DF OF
1 Boris Valabik Kevin Klein 40 1 2 2
2 Matt Walker Danny Syvret 30 1 2 2
3 Tyler Eckford Jonathan Blum 20 1 2 2
4 Brayden McNabb Eric Mestery 10 1 3 1
PowerPlay Forward
Center Left Wing Right Wing Time % Phy DF OF
1 Martin Hanzal Mats Zuccarello Cal Clutterbuck 60 0 2 3
2 Patrick O'Sullivan Niklas Sundstrom Jeff Tambellini 40 0 2 3
PowerPlay Defense
Defense Defense Time % Phy DF OF
1 Boris Valabik Kevin Klein 60 0 2 3
2 Jonathan Blum Danny Syvret 40 0 2 3
Penalty Kill 4 Players Forward
Center Wing Time % Phy DF OF
1 Niklas Sundstrom Shean Donovan 60 1 4 0
2 Jeff Tambellini Cal Clutterbuck 40 1 4 0
Penalty Kill 4 Players Defense
Defense Defense Time % Phy DF OF
1 Boris Valabik Kevin Klein 60 1 4 0
2 Matt Walker Danny Syvret 40 1 4 0
Penalty Kill - 3 Players Forward
Forward Time % Phy DF OF
1 Cal Clutterbuck 60 1 4 0
2 Shean Donovan 40 1 4 0
Penalty Kill - 3 Players Defense
Defense Defense Time % Phy DF OF
1 Boris Valabik Kevin Klein 60 1 4 0
2 Matt Walker Danny Syvret 40 1 4 0
4 vs 4 Forward
Center Wing Time % Phy DF OF
1 Martin Hanzal Niklas Sundstrom 60 1 2 2
2 Jeff Tambellini Patrick O'Sullivan 40 1 2 2
4 vs 4 Defense
Defense Defense Time % Phy DF OF
1 Boris Valabik Kevin Klein 60 1 2 2
2 Matt Walker Danny Syvret 40 1 2 2
Last Minutes Offensive
Center Left Wing Right Wing Defense Defense
Martin Hanzal Jeff Tambellini Cal Clutterbuck Boris Valabik Kevin Klein
Last Minutes Defensive
Center Left Wing Right Wing Defense Defense
Jeff Tambellini Cal Clutterbuck Shean Donovan Matt Walker Kevin Klein
Goaltenders
Starting : Justin Pogge
Backup : Anders Nilsson
Extra Forwards
Normal : Cal Clutterbuck, Mats Zuccarello, Tim Kennedy - PP : Cal Clutterbuck, Mats Zuccarello - PK : Tim Kennedy
Extra Defensemen
Normal : Tyler Eckford, Jonathan Blum, Brayden McNabb - PP : Tyler Eckford - PK : Jonathan Blum, Brayden McNabb
Penalty Shots
Martin Hanzal, Niklas Sundstrom, Jeff Tambellini, Patrick O'Sullivan, Shean Donovan
% Time on Ice - Atomiques
Lines # - Real PCT - Wanted PCT - Time Play
Normal Forward
1 - 34% - 40% - 16:16
2 - 25% - 30% - 12:01
3 - 21% - 20% - 10:14
4 - 19% - 10% - 9:17
Normal Defense
1 - 38% - 40% - 18:13
2 - 35% - 30% - 16:58
3 - 24% - 20% - 11:14
4 - 3% - 10% - 1:23
PP Forward
1 - 65% - 60% - 3:17
2 - 35% - 40% - 1:47
PP Defense
1 - 72% - 60% - 3:38
2 - 28% - 40% - 1:26
PK Forward
1 - 82% - 60% - 4:51
2 - 18% - 40% - 1:06
PK Defense
1 - 63% - 60% - 3:46
2 - 37% - 40% - 2:11
PK3 Forward
1 - 0% - 60%
2 - 0% - 40%
PK3 Defense
1 - 0% - 60%
2 - 0% - 40%
44 Forward
1 - 100% - 60% - 1:11
2 - 0% - 40% - 0:00
44 Defense
1 - 99% - 60% - 1:10
2 - 1% - 40% - 0:01
Last Minute Offensive - 0:00
Last Minute Defensive - 0:00
Total
Forward - 60:00
Defense - 60:00
|
% Time on Ice - Ice Dragons
Lines # - Real PCT - Wanted PCT - Time Play
Normal Forward
1 - 35% - 40% - 16:45
2 - 24% - 30% - 11:28
3 - 27% - 20% - 12:56
4 - 14% - 10% - 6:39
Normal Defense
1 - 41% - 40% - 19:49
2 - 29% - 30% - 14:03
3 - 19% - 20% - 8:58
4 - 10% - 10% - 4:58
PP Forward
1 - 46% - 60% - 2:43
2 - 54% - 40% - 3:14
PP Defense
1 - 66% - 60% - 3:56
2 - 34% - 40% - 2:01
PK Forward
1 - 83% - 60% - 4:13
2 - 17% - 40% - 0:51
PK Defense
1 - 74% - 60% - 3:44
2 - 26% - 40% - 1:20
PK3 Forward
1 - 0% - 60%
2 - 0% - 40%
PK3 Defense
1 - 0% - 60%
2 - 0% - 40%
44 Forward
1 - 100% - 60% - 1:11
2 - 0% - 40% - 0:00
44 Defense
1 - 54% - 60% - 0:38
2 - 46% - 40% - 0:33
Last Minute Offensive - 0:00
Last Minute Defensive - 0:00
Total
Forward - 60:00
Defense - 60:00
|
Play by Play
1st period
0:01 of 1st period - Martin Hanzal wins face-off versus Logan Couture in neutral zone.
0:12 of 1st period - Snap shot by Cal Clutterbuck.
0:12 of 1st period - Stopped by Sergei Bobrovsky without a rebound.
0:13 of 1st period - Patrick O'Sullivan wins face-off versus Tyler Brenner in Atomiques zone.
1:03 of 1st period - Icing by Martin Hanzal.
1:04 of 1st period - Drew Larman wins face-off versus Martin Hanzal in Ice Dragons zone.
1:05 of 1st period - Slapshot by John McCarthy.
1:05 of 1st period - Shot Misses the Net.
1:35 of 1st period - Wrist shot by John McCarthy.
1:35 of 1st period - Shot Misses the Net.
2:22 of 1st period - Slapshot by Martin Hanzal.
2:22 of 1st period - Shot Misses the Net.
2:24 of 1st period - Slapshot by Jonathan Blum.
2:24 of 1st period - Shot Blocked by Nick Johnson.
2:48 of 1st period - Slapshot by Jeff Tambellini.
2:48 of 1st period - Shot Blocked by Alexander Sulzer.
2:50 of 1st period - Snap shot by Jeff Tambellini.
2:50 of 1st period - Deflect By Cal Clutterbuck.
2:50 of 1st period - Stopped by Sergei Bobrovsky with a rebound.
2:52 of 1st period - Snap shot by Martin Hanzal.
2:52 of 1st period - Stopped by Sergei Bobrovsky with a rebound.
2:54 of 1st period - Slapshot by Jonathan Blum.
2:54 of 1st period - Shot Misses the Net.
2:56 of 1st period - Slapshot by Martin Hanzal.
2:56 of 1st period - Shot Misses the Net.
3:15 of 1st period - Snap shot by Martin Hanzal.
3:15 of 1st period - Stopped by Sergei Bobrovsky without a rebound.
3:16 of 1st period - Patrick O'Sullivan wins face-off versus Alexandre Daigle in Atomiques zone.
3:47 of 1st period - Wrist shot by Ryan Shannon.
3:47 of 1st period - Stopped by Justin Pogge with a rebound.
3:49 of 1st period - Wrist shot by Andrew Kozek.
3:49 of 1st period - Stopped by Justin Pogge with a rebound.
3:53 of 1st period - Wrist shot by Ryan Shannon.
3:53 of 1st period - Shot Blocked by Boris Valabik.
4:09 of 1st period - Wrist shot by Shean Donovan.
4:09 of 1st period - Deflect By Marc-Antoine Pouliot.
4:09 of 1st period - Shot Misses the Net.
4:09 of 1st period - Puck is out of play.
4:10 of 1st period - Logan Couture wins face-off versus Marc-Antoine Pouliot in Atomiques zone.
4:38 of 1st period - Snap shot by Shean Donovan.
4:38 of 1st period - Stopped by Sergei Bobrovsky without a rebound.
4:39 of 1st period - John Mitchell wins face-off versus Tyler Brenner in Atomiques zone.
4:42 of 1st period - Snap shot by John Mitchell.
4:42 of 1st period - Shot Misses the Net.
4:44 of 1st period - Snap shot by Mats Zuccarello.
4:44 of 1st period - Shot Misses the Net.
5:22 of 1st period - Backhand shot by Patrick O'Sullivan.
5:22 of 1st period - Shot Misses the Net.
5:24 of 1st period - Wrist shot by Mats Zuccarello.
5:24 of 1st period - Shot Misses the Net.
5:26 of 1st period - Snap shot by Boris Valabik.
5:26 of 1st period - Shot Misses the Net.
7:57 of 1st period - Snap shot by Ryan Shannon.
7:57 of 1st period - Shot Blocked by Matt Walker.
7:59 of 1st period - Wrist shot by Ryan Shannon.
7:59 of 1st period - Deflect By Andrew Kozek.
7:59 of 1st period - Shot Blocked by Danny Syvret.
7:59 of 1st period - Puck is out of play.
8:00 of 1st period - John Mitchell wins face-off versus Brett Sutter in Ice Dragons zone.
8:24 of 1st period - Andrew Kozek is hit by Niklas Sundstrom and loses puck.
8:33 of 1st period - Wrist shot by Ryan Shannon.
8:33 of 1st period - Shot Blocked by Shean Donovan.
8:35 of 1st period - Wrist shot by Brett Sutter.
8:35 of 1st period - Shot Misses the Net.
8:41 of 1st period - Snap shot by Andrew Kozek.
8:41 of 1st period - Shot Misses the Net.
8:43 of 1st period - Snap shot by Andrew Kozek.
8:43 of 1st period - Shot Blocked by Kevin Klein.
8:51 of 1st period - Wrist shot by Andrew Kozek.
8:51 of 1st period - Stopped by Justin Pogge with a rebound.
8:55 of 1st period - Snap shot by Ryan Shannon.
8:55 of 1st period - Shot Blocked by Boris Valabik.
8:57 of 1st period - Snap shot by Brett Sutter.
8:57 of 1st period - Shot Misses the Net.
8:59 of 1st period - Wrist shot by Brett Sutter.
8:59 of 1st period - Stopped by Justin Pogge with a rebound.
9:01 of 1st period - Wrist shot by Scott Jackson.
9:01 of 1st period - Shot Blocked by Kevin Klein.
9:03 of 1st period - Slapshot by Scott Jackson.
9:03 of 1st period - Stopped by Justin Pogge with a rebound.
9:05 of 1st period - Snap shot by Casey Borer.
9:05 of 1st period - Shot Misses the Net.
9:07 of 1st period - Backhand shot by Scott Jackson.
9:07 of 1st period - Shot Misses the Net.
9:09 of 1st period - Snap shot by Scott Jackson.
9:09 of 1st period - Stopped by Justin Pogge without a rebound.
9:10 of 1st period - Patrick O'Sullivan wins face-off versus Logan Couture in Ice Dragons zone.
9:10 of 1st period - Patrick O'Sullivan is hit by Alexandre Daigle.
9:42 of 1st period - Snap shot by John Zeiler.
9:42 of 1st period - Shot Blocked by Matt Walker.
9:44 of 1st period - Snap shot by Tyler Brenner.
9:44 of 1st period - Stopped by Justin Pogge with a rebound.
9:46 of 1st period - Wrist shot by Tyler Brenner.
9:46 of 1st period - Shot Misses the Net.
10:04 of 1st period - Snap shot by John McCarthy.
10:04 of 1st period - Shot Blocked by Brad Staubitz.
10:18 of 1st period - Wrist shot by Tim Kennedy.
10:18 of 1st period - Shot Misses the Net.
11:18 of 1st period - Eric Mestery is hit by Alexander Sulzer and loses puck.
11:35 of 1st period - Slapshot by Patrick O'Sullivan.
11:35 of 1st period - Stopped by Sergei Bobrovsky without a rebound.
11:36 of 1st period - Patrick O'Sullivan wins face-off versus Logan Couture in Atomiques zone.
11:56 of 1st period - Icing by John Zeiler.
11:57 of 1st period - Marc-Antoine Pouliot wins face-off versus Tyler Brenner in Atomiques zone.
12:08 of 1st period - Snap shot by John Zeiler.
12:08 of 1st period - Shot Misses the Net.
12:10 of 1st period - Snap shot by Davis Drewiske.
12:10 of 1st period - Deflect By Brad Winchester.
12:10 of 1st period - Stopped by Justin Pogge without a rebound.
12:11 of 1st period - Logan Couture wins face-off versus Martin Hanzal in Ice Dragons zone.
13:09 of 1st period - Wrist shot by Shean Donovan.
13:09 of 1st period - Shot Misses the Net.
13:29 of 1st period - Slapshot by Davis Drewiske.
13:29 of 1st period - Shot Blocked by Brad Staubitz.
13:51 of 1st period - Snap shot by Brad Winchester.
13:51 of 1st period - Stopped by Justin Pogge without a rebound.
13:52 of 1st period - Martin Hanzal wins face-off versus Logan Couture in Ice Dragons zone.
14:17 of 1st period - Tim Kennedy is hit by Tyler Brenner.
14:42 of 1st period - Off-side.
14:43 of 1st period - Brett Sutter wins face-off versus Patrick O'Sullivan in neutral zone.
15:07 of 1st period - Icing by Casey Borer.
15:08 of 1st period - Martin Hanzal wins face-off versus Logan Couture in Atomiques zone.
16:02 of 1st period - Snap shot by Martin Hanzal.
16:02 of 1st period - Shot Misses the Net.
16:04 of 1st period - Slapshot by Matt Walker.
16:04 of 1st period - Stopped by Sergei Bobrovsky without a rebound.
16:05 of 1st period - Patrick O'Sullivan wins face-off versus Tyler Brenner in Atomiques zone.
16:27 of 1st period - Patrick O'Sullivan is hit by Tyler Brenner and loses puck.
16:47 of 1st period - Icing by Kevin Klein.
16:48 of 1st period - Marc-Antoine Pouliot wins face-off versus Drew Larman in Ice Dragons zone.
17:17 of 1st period - Snap shot by Shean Donovan.
17:17 of 1st period - Shot Blocked by Nick Johnson.
17:19 of 1st period - Slapshot by Tim Kennedy.
17:19 of 1st period - Stopped by Sergei Bobrovsky without a rebound.
17:20 of 1st period - Logan Couture wins face-off versus Martin Hanzal in Atomiques zone.
17:27 of 1st period - Cal Clutterbuck is hit by Alexandre Daigle and loses puck.
17:36 of 1st period - Wrist shot by Logan Couture.
17:36 of 1st period - Shot Misses the Net.
17:46 of 1st period - Jonathan Blum is hit by Alexander Sulzer.
18:13 of 1st period - Backhand shot by Shean Donovan.
18:13 of 1st period - Stopped by Sergei Bobrovsky with a rebound.
18:15 of 1st period - Slapshot by Eric Mestery.
18:15 of 1st period - Deflect By Shean Donovan.
18:15 of 1st period - Shot Misses the Net.
18:15 of 1st period - Puck is out of play.
18:16 of 1st period - Logan Couture wins face-off versus Martin Hanzal in Atomiques zone.
18:26 of 1st period - Snap shot by Cal Clutterbuck.
18:26 of 1st period - Shot Misses the Net.
18:28 of 1st period - Snap shot by Brayden McNabb.
18:28 of 1st period - Shot Misses the Net.
18:30 of 1st period - Snap shot by Brayden McNabb.
18:30 of 1st period - Stopped by Sergei Bobrovsky with a rebound.
18:32 of 1st period - Snap shot by Jeff Tambellini.
18:32 of 1st period - Shot Hit the Post.
18:47 of 1st period - Minor Penalty to Brayden McNabb for Interference.
18:48 of 1st period - Niklas Sundstrom wins face-off versus Logan Couture in Ice Dragons zone.
19:06 of 1st period - Kevin Klein is hit by Linus Omark and loses puck.
19:55 of 1st period - Wrist shot by Tim Kennedy.
19:55 of 1st period - Deflect By Alexandre Daigle.
19:55 of 1st period - Shot Misses the Net.
19:55 of 1st period - Puck is out of play.
19:56 of 1st period - Tim Kennedy wins face-off versus Logan Couture in Atomiques zone.
Goals for this period are 0 for Atomiques vs 0 for Ice Dragons.
Shots for this period are 9 for Atomiques vs 10 for Ice Dragons.
2nd period
0:01 of 2nd period - Niklas Sundstrom wins face-off versus Logan Couture in neutral zone.
0:27 of 2nd period - Boris Valabik is hit by Brad Winchester and loses puck.
0:38 of 2nd period - Tyler Brenner is hit by Shean Donovan and loses puck.
0:47 of 2nd period - Penalty to Brayden McNabb is over, Brayden McNabb is back on ice.
0:57 of 2nd period - Slapshot by Jeff Tambellini.
0:57 of 2nd period - Shot Misses the Net.
2:15 of 2nd period - Matt Walker is hit by Alexandre Daigle and loses puck.
2:51 of 2nd period - Wrist shot by John Zeiler.
2:51 of 2nd period - Shot Blocked by Tim Kennedy.
2:53 of 2nd period - Wrist shot by Brad Winchester.
2:53 of 2nd period - Stopped by Justin Pogge without a rebound.
2:54 of 2nd period - Logan Couture wins face-off versus Marc-Antoine Pouliot in Ice Dragons zone.
3:13 of 2nd period - Slapshot by John Zeiler.
3:13 of 2nd period - Shot Misses the Net.
3:15 of 2nd period - Snap shot by Tyler Brenner.
3:15 of 2nd period - Shot Blocked by Eric Mestery.
3:17 of 2nd period - Slapshot by Tyler Brenner.
3:17 of 2nd period - Stopped by Justin Pogge with a rebound.
3:19 of 2nd period - Snap shot by Scott Jackson.
3:19 of 2nd period - Deflect By Brad Winchester.
3:19 of 2nd period - Shot Misses the Net.
3:19 of 2nd period - Puck is out of play.
3:20 of 2nd period - Patrick O'Sullivan wins face-off versus Logan Couture in Ice Dragons zone.
3:33 of 2nd period - Wrist shot by Niklas Sundstrom.
3:33 of 2nd period - Deflect By Patrick O'Sullivan.
3:33 of 2nd period - Shot Misses the Net.
3:33 of 2nd period - Puck is out of play.
3:34 of 2nd period - Logan Couture wins face-off versus Martin Hanzal in Atomiques zone.
3:45 of 2nd period - Snap shot by Logan Couture.
3:45 of 2nd period - Stopped by Justin Pogge with a rebound.
3:47 of 2nd period - Wrist shot by Logan Couture.
3:47 of 2nd period - Stopped by Justin Pogge without a rebound.
3:48 of 2nd period - John Zeiler wins face-off versus Mats Zuccarello in Ice Dragons zone.
4:03 of 2nd period - Snap shot by John Zeiler.
4:03 of 2nd period - Shot Misses the Net.
4:13 of 2nd period - Davis Drewiske is hit by Kevin Klein and loses puck.
4:24 of 2nd period - Snap shot by Cal Clutterbuck.
4:24 of 2nd period - Shot Blocked by Linus Omark.
4:44 of 2nd period - Snap shot by Brett Sutter.
4:44 of 2nd period - Stopped by Justin Pogge with a rebound.
5:04 of 2nd period - Snap shot by John Zeiler.
5:04 of 2nd period - Stopped by Justin Pogge without a rebound.
5:05 of 2nd period - Martin Hanzal wins face-off versus Logan Couture in Ice Dragons zone.
5:05 of 2nd period - Martin Hanzal is hit by Linus Omark.
5:31 of 2nd period - John Zeiler is hit by Patrick O'Sullivan and loses puck.
5:38 of 2nd period - Snap shot by Niklas Sundstrom.
5:38 of 2nd period - Goal by Niklas Sundstrom - Atomiques : 0 - Ice Dragons : 1.
5:39 of 2nd period - Logan Couture wins face-off versus Martin Hanzal in neutral zone.
5:55 of 2nd period - Wrist shot by Alexandre Daigle.
5:55 of 2nd period - Deflect By Jeff Tambellini.
5:55 of 2nd period - Shot Misses the Net.
5:55 of 2nd period - Puck is out of play.
5:56 of 2nd period - John Zeiler wins face-off versus Patrick O'Sullivan in Ice Dragons zone.
5:59 of 2nd period - Backhand shot by John Zeiler.
5:59 of 2nd period - Goal by John Zeiler - Atomiques : 1 - Ice Dragons : 1.
6:00 of 2nd period - Martin Hanzal wins face-off versus Logan Couture in neutral zone.
6:25 of 2nd period - Davis Drewiske is hit by Mats Zuccarello and loses puck.
6:30 of 2nd period - Wrist shot by Mats Zuccarello.
6:30 of 2nd period - Goal by Mats Zuccarello - Atomiques : 1 - Ice Dragons : 2.
6:31 of 2nd period - Logan Couture wins face-off versus Martin Hanzal in neutral zone.
6:34 of 2nd period - Kevin Klein is hit by Linus Omark and loses puck.
7:20 of 2nd period - Shean Donovan is hit by Kyle Wharton and loses puck.
7:52 of 2nd period - Minor Penalty to John Mitchell for Tripping.
7:53 of 2nd period - Logan Couture wins face-off versus Niklas Sundstrom in Ice Dragons zone.
8:19 of 2nd period - John Zeiler is hit by Kevin Klein and loses puck.
9:52 of 2nd period - Penalty to John Mitchell is over, John Mitchell is back on ice.
10:06 of 2nd period - Snap shot by Shean Donovan.
10:06 of 2nd period - Stopped by Sergei Bobrovsky without a rebound.
10:07 of 2nd period - John Mitchell wins face-off versus Drew Larman in Atomiques zone.
11:38 of 2nd period - Snap shot by John McCarthy.
11:38 of 2nd period - Stopped by Justin Pogge with a rebound.
12:02 of 2nd period - Snap shot by Nick Johnson.
12:02 of 2nd period - Stopped by Justin Pogge without a rebound.
12:03 of 2nd period - Logan Couture wins face-off versus Martin Hanzal in Ice Dragons zone.
12:30 of 2nd period - Marc-Antoine Pouliot is hit by Alexander Sulzer and loses puck.
12:35 of 2nd period - Wrist shot by Brad Winchester.
12:35 of 2nd period - Stopped by Justin Pogge without a rebound.
12:36 of 2nd period - Patrick O'Sullivan wins face-off versus Tyler Brenner in Ice Dragons zone.
13:23 of 2nd period - Wrist shot by Brad Winchester.
13:23 of 2nd period - Stopped by Justin Pogge with a rebound.
13:47 of 2nd period - Slapshot by Brad Winchester.
13:47 of 2nd period - Stopped by Justin Pogge with a rebound.
14:40 of 2nd period - Snap shot by Nick Johnson.
14:40 of 2nd period - Shot Misses the Net.
14:42 of 2nd period - Wrist shot by Drew Larman.
14:42 of 2nd period - Stopped by Justin Pogge with a rebound.
14:44 of 2nd period - Backhand shot by Nick Johnson.
14:44 of 2nd period - Stopped by Justin Pogge without a rebound.
14:45 of 2nd period - Logan Couture wins face-off versus Cal Clutterbuck in Ice Dragons zone.
14:48 of 2nd period - Slapshot by Linus Omark.
14:48 of 2nd period - Shot Misses the Net.
14:58 of 2nd period - Wrist shot by Cal Clutterbuck.
14:58 of 2nd period - Stopped by Sergei Bobrovsky with a rebound.
15:00 of 2nd period - Wrist shot by Martin Hanzal.
15:00 of 2nd period - Stopped by Sergei Bobrovsky without a rebound.
15:01 of 2nd period - Brett Sutter wins face-off versus Patrick O'Sullivan in Atomiques zone.
15:15 of 2nd period - Minor Penalty to Brett Sutter for Delaying the game.
15:16 of 2nd period - Martin Hanzal wins face-off versus Tyler Brenner in Atomiques zone.
15:18 of 2nd period - Snap shot by Cal Clutterbuck.
15:18 of 2nd period - Shot Blocked by Tyler Brenner.
15:26 of 2nd period - Snap shot by Linus Omark.
15:26 of 2nd period - Stopped by Justin Pogge with a rebound.
15:28 of 2nd period - Slapshot by Tyler Brenner.
15:28 of 2nd period - Stopped by Justin Pogge without a rebound.
15:29 of 2nd period - Martin Hanzal wins face-off versus Tyler Brenner in Ice Dragons zone.
16:23 of 2nd period - Wrist shot by John Zeiler.
16:23 of 2nd period - Stopped by Justin Pogge with a rebound.
16:28 of 2nd period - Icing by Kevin Klein.
16:29 of 2nd period - Patrick O'Sullivan wins face-off versus Tyler Brenner in Ice Dragons zone.
17:15 of 2nd period - Penalty to Brett Sutter is over, Brett Sutter is back on ice.
17:54 of 2nd period - Wrist shot by Tim Kennedy.
17:54 of 2nd period - Shot Hit the Post.
17:56 of 2nd period - Wrist shot by Marc-Antoine Pouliot.
17:56 of 2nd period - Goal by Marc-Antoine Pouliot - Atomiques : 1 - Ice Dragons : 3.
17:57 of 2nd period - Logan Couture wins face-off versus Brad Staubitz in neutral zone.
18:06 of 2nd period - Wrist shot by Alexandre Daigle.
18:06 of 2nd period - Stopped by Justin Pogge with a rebound.
18:08 of 2nd period - Wrist shot by Alexandre Daigle.
18:08 of 2nd period - Stopped by Justin Pogge with a rebound.
18:10 of 2nd period - Snap shot by Logan Couture.
18:10 of 2nd period - Stopped by Justin Pogge with a rebound.
18:12 of 2nd period - Slapshot by Alexandre Daigle.
18:12 of 2nd period - Stopped by Justin Pogge with a rebound.
18:22 of 2nd period - Davis Drewiske is hit by Cal Clutterbuck and loses puck.
18:56 of 2nd period - Ryan Shannon is hit by Matt Walker and loses puck.
Goals for this period are 1 for Atomiques vs 3 for Ice Dragons.
Shots for this period are 21 for Atomiques vs 6 for Ice Dragons.
3rd period
0:01 of 3rd period - Logan Couture wins face-off versus Martin Hanzal in neutral zone.
0:08 of 3rd period - Snap shot by Alexandre Daigle.
0:08 of 3rd period - Stopped by Justin Pogge with a rebound.
0:10 of 3rd period - Wrist shot by Alexander Sulzer.
0:10 of 3rd period - Shot Misses the Net.
0:12 of 3rd period - Wrist shot by Alexander Sulzer.
0:12 of 3rd period - Shot Misses the Net.
0:14 of 3rd period - Wrist shot by Logan Couture.
0:14 of 3rd period - Shot Misses the Net.
0:16 of 3rd period - Wrist shot by Linus Omark.
0:16 of 3rd period - Shot Misses the Net.
1:11 of 3rd period - Minor Penalty to Cal Clutterbuck for Slashing.
1:12 of 3rd period - Niklas Sundstrom wins face-off versus Logan Couture in Ice Dragons zone.
1:22 of 3rd period - Snap shot by Logan Couture.
1:22 of 3rd period - Goal by Logan Couture - Atomiques : 2 - Ice Dragons : 3.
1:23 of 3rd period - Logan Couture wins face-off versus Martin Hanzal in neutral zone.
1:26 of 3rd period - Cal Clutterbuck is hit by Linus Omark and loses puck.
1:41 of 3rd period - Logan Couture is hit by Kevin Klein and loses puck.
1:55 of 3rd period - Wrist shot by Ryan Shannon.
1:55 of 3rd period - Goal by Ryan Shannon - Atomiques : 3 - Ice Dragons : 3.
1:56 of 3rd period - Logan Couture wins face-off versus Patrick O'Sullivan in neutral zone.
2:22 of 3rd period - Kevin Klein is hit by Alexander Sulzer and loses puck.
3:31 of 3rd period - Icing by Logan Couture.
3:32 of 3rd period - Logan Couture wins face-off versus Marc-Antoine Pouliot in Atomiques zone.
4:02 of 3rd period - Wrist shot by Alexandre Daigle.
4:02 of 3rd period - Stopped by Justin Pogge without a rebound.
4:03 of 3rd period - Martin Hanzal wins face-off versus Tyler Brenner in Ice Dragons zone.
4:14 of 3rd period - Wrist shot by Cal Clutterbuck.
4:14 of 3rd period - Shot Blocked by Tyler Brenner.
4:36 of 3rd period - Slapshot by Kevin Klein.
4:36 of 3rd period - Shot Hit the Post.
4:42 of 3rd period - Martin Hanzal is hit by Ryan Shannon and loses puck.
4:53 of 3rd period - John McCarthy is hit by Niklas Sundstrom and loses puck.
5:30 of 3rd period - Minor Penalty to Tyler Brenner for Hooking.
5:31 of 3rd period - Martin Hanzal wins face-off versus Andrew Kozek in Atomiques zone.
5:40 of 3rd period - Snap shot by Martin Hanzal.
5:40 of 3rd period - Shot Blocked by Davis Drewiske.
7:30 of 3rd period - Penalty to Tyler Brenner is over, Tyler Brenner is back on ice.
9:29 of 3rd period - Tim Kennedy is hit by Drew Larman and loses puck.
9:42 of 3rd period - Patrick O'Sullivan is hit by Casey Borer and loses puck.
9:48 of 3rd period - Off-side.
9:49 of 3rd period - Patrick O'Sullivan wins face-off versus Brett Sutter in neutral zone.
9:58 of 3rd period - Minor Penalty to Niklas Sundstrom for Roughing.
9:59 of 3rd period - Logan Couture wins face-off versus Tim Kennedy in Ice Dragons zone.
10:13 of 3rd period - Snap shot by Alexandre Daigle.
10:13 of 3rd period - Stopped by Justin Pogge without a rebound.
10:14 of 3rd period - Shean Donovan wins face-off versus Logan Couture in Ice Dragons zone.
10:23 of 3rd period - Slapshot by Davis Drewiske.
10:23 of 3rd period - Stopped by Justin Pogge without a rebound.
10:24 of 3rd period - Tim Kennedy wins face-off versus Logan Couture in Ice Dragons zone.
10:33 of 3rd period - Slapshot by Tim Kennedy.
10:33 of 3rd period - Shot Misses the Net.
10:35 of 3rd period - Slapshot by Boris Valabik.
10:35 of 3rd period - Stopped by Sergei Bobrovsky without a rebound.
10:36 of 3rd period - Linus Omark wins face-off versus Tim Kennedy in Atomiques zone.
10:50 of 3rd period - Snap shot by Alexandre Daigle.
10:50 of 3rd period - Goal by Alexandre Daigle - Atomiques : 4 - Ice Dragons : 3.
10:51 of 3rd period - Jeff Tambellini wins face-off versus Logan Couture in neutral zone.
10:54 of 3rd period - Wrist shot by Jeff Tambellini.
10:54 of 3rd period - Shot Misses the Net.
11:16 of 3rd period - Alexander Sulzer is hit by Niklas Sundstrom and loses puck.
12:10 of 3rd period - Wrist shot by Logan Couture.
12:10 of 3rd period - Shot Blocked by Jonathan Blum.
12:20 of 3rd period - Clayton Stoner is hit by Jonathan Blum and loses puck.
12:59 of 3rd period - Slapshot by Martin Hanzal.
12:59 of 3rd period - Stopped by Sergei Bobrovsky without a rebound.
13:00 of 3rd period - Martin Hanzal wins face-off versus Logan Couture in Atomiques zone.
13:08 of 3rd period - Icing by Alexandre Daigle.
13:09 of 3rd period - Patrick O'Sullivan wins face-off versus Logan Couture in Atomiques zone.
13:30 of 3rd period - Minor Penalty to Logan Couture for Tripping.
13:31 of 3rd period - Martin Hanzal wins face-off versus Linus Omark in Atomiques zone.
14:37 of 3rd period - Niklas Sundstrom is hit by Linus Omark and loses puck.
15:18 of 3rd period - Niklas Sundstrom is hit by Brett Sutter and loses puck.
15:30 of 3rd period - Penalty to Logan Couture is over, Logan Couture is back on ice.
15:38 of 3rd period - Icing by Davis Drewiske.
15:39 of 3rd period - Marc-Antoine Pouliot wins face-off versus Drew Larman in Atomiques zone.
15:48 of 3rd period - Snap shot by Shean Donovan.
15:48 of 3rd period - Stopped by Sergei Bobrovsky with a rebound.
15:50 of 3rd period - Snap shot by Tim Kennedy.
15:50 of 3rd period - Ice Dragons goal is going for a video replay.
15:50 of 3rd period - The goal is good.
15:50 of 3rd period - Goal by Tim Kennedy - Atomiques : 4 - Ice Dragons : 4.
15:51 of 3rd period - Martin Hanzal wins face-off versus Brett Sutter in neutral zone.
15:56 of 3rd period - Snap shot by Cal Clutterbuck.
15:56 of 3rd period - Shot Misses the Net.
17:06 of 3rd period - Snap shot by Shean Donovan.
17:06 of 3rd period - Shot Misses the Net.
17:08 of 3rd period - Slapshot by Kevin Klein.
17:08 of 3rd period - Shot Misses the Net.
17:34 of 3rd period - Wrist shot by John McCarthy.
17:34 of 3rd period - Shot Misses the Net.
17:40 of 3rd period - Slapshot by Davis Drewiske.
17:40 of 3rd period - Shot Blocked by Matt Walker.
17:42 of 3rd period - Snap shot by Davis Drewiske.
17:42 of 3rd period - Shot Misses the Net.
17:44 of 3rd period - Backhand shot by Alexander Sulzer.
17:44 of 3rd period - Deflect By Patrick O'Sullivan.
17:44 of 3rd period - Stopped by Justin Pogge with a rebound.
17:46 of 3rd period - Slapshot by Drew Larman.
17:46 of 3rd period - Stopped by Justin Pogge with a rebound.
17:48 of 3rd period - Slapshot by Davis Drewiske.
17:48 of 3rd period - Shot Misses the Net.
17:50 of 3rd period - Snap shot by Drew Larman.
17:50 of 3rd period - Shot Misses the Net.
17:57 of 3rd period - Off-side.
17:58 of 3rd period - Martin Hanzal wins face-off versus Brett Sutter in neutral zone.
18:01 of 3rd period - Wrist shot by Cal Clutterbuck.
18:01 of 3rd period - Shot Blocked by Kyle Wharton.
18:03 of 3rd period - Wrist shot by Jeff Tambellini.
18:03 of 3rd period - Shot Misses the Net.
18:05 of 3rd period - Snap shot by Martin Hanzal.
18:05 of 3rd period - Shot Blocked by Clayton Stoner.
18:34 of 3rd period - Snap shot by Tim Kennedy.
18:34 of 3rd period - Goal by Tim Kennedy - Atomiques : 4 - Ice Dragons : 5.
18:35 of 3rd period - Jeff Tambellini wins face-off versus Andrew Kozek in neutral zone.
18:45 of 3rd period - Minor Penalty to Boris Valabik for Holding.
18:46 of 3rd period - Logan Couture wins face-off versus Niklas Sundstrom in Ice Dragons zone.
18:48 of 3rd period - Minor Penalty to Logan Couture for Hooking.
18:49 of 3rd period - Martin Hanzal wins face-off versus Ryan Shannon in Atomiques zone.
18:49 of 3rd period - Slapshot by Niklas Sundstrom.
18:49 of 3rd period - Shot Misses the Net.
18:51 of 3rd period - Snap shot by Niklas Sundstrom.
18:51 of 3rd period - Stopped by Sergei Bobrovsky without a rebound.
18:52 of 3rd period - Cory Clouston call a timeout for Atomiques.
18:52 of 3rd period - Ryan Shannon wins face-off versus Niklas Sundstrom in Atomiques zone.
18:59 of 3rd period - Wrist shot by Davis Drewiske.
18:59 of 3rd period - Shot Blocked by Tyler Eckford.
19:39 of 3rd period - Atomiques, Sergei Bobrovsky is pulled from the net.
19:39 of 3rd period - Slapshot by Davis Drewiske.
19:39 of 3rd period - Shot Misses the Net.
Goals for this period are 3 for Atomiques vs 2 for Ice Dragons.
Shots for this period are 9 for Atomiques vs 6 for Ice Dragons.
Output by the SimonT Hockey Simulator (STHS) for François Prévost -- Original Page W3C XHTML 1.0 Valid